 Dungeon Crawl Stone Soup version 0.26-a0-190-g75a3d40d47 (console) character file.

Game seed: 12209765331871766242

6516 bli the Thaumaturge (level 10, -4/77 HPs)
             Began as a Purple Draconian Conjurer on July 4, 2020.
             Was a Priest of Vehumet.
             Slain by a vampire mosquito (6 damage)
             ... on level 9 of the Dungeon.
             The game lasted 00:38:44 (9314 turns).

bli the Thaumaturge (Purple Draconian Conjurer)     Turns: 9314, Time: 00:38:45

Health: -4/77      AC:  8    Str:  9    XL:     10   Next: 69%
Magic:  3/26       EV: 15    Int: 26    God:    Vehumet [***...]
Gold:   416        SH:  5    Dex: 12    Spells: 16/33 levels left

rFire    . . .     SeeInvis +   a - +1 war axe (vamp)
rCold    . . .     Faith    .   (no shield)
rNeg     . . .     Spirit   .   (armour unavailable)
rPois    .         Reflect  +   (helmet restricted)
rElec    .         Harm     .   (no cloak)
rCorr    .                      (no gloves)
MR       +....                  z - +0 pair of boots
Stlth    +++.......             A - amulet of reflection
HPRegen  0.22/turn              h - +6 ring of intelligence
MPRegen  0.20/turn              l - ring of see invisible

@: lethally poisoned (-4 -> -9)
A: breathe power, unfitting armour, cold-blooded, AC +7
a: Breathe Dispelling Energy, Renounce Religion


You were on level 9 of the Dungeon.
You worshipped Vehumet.
Vehumet was most pleased with you.
You were hungry.

You visited 2 branches of the dungeon, and saw 10 of its levels.

You collected 416 gold pieces.

Inventory:

Hand Weapons
 a - a +1 vampiric war axe (weapon)
 f - a +2 spear of freezing
 v - a +0 hunting sling
 F - a +1 whip of flaming
 G - a +2 dagger of venom
 O - a +4 flail
 R - a +1 mace of holy wrath
 T - a +2 dagger of venom
 U - a +2 hand axe of draining
Missiles
 c - 415 stones
 d - 126 arrows
 q - 4 sling bullets
 I - 20 poisoned darts (quivered)
 P - 6 atropa-tipped darts
 S - 5 boomerangs
Armour
 z - a +0 pair of boots (worn)
Magical Staves
 b - an uncursed staff of cold
Jewellery
 h - a +6 ring of intelligence (left hand)
 l - a ring of see invisible (right hand)
 A - an amulet of reflection (around neck)
 N - an uncursed ring of resist corrosion
Wands
 u - a wand of flame (15)
 E - a wand of random effects (15)
Scrolls
 i - 2 scrolls of enchant armour {unknown}
 j - 4 scrolls of enchant weapon {unknown}
 n - 2 scrolls of magic mapping {unknown}
 o - 5 scrolls of teleportation {unknown}
 r - 2 scrolls of fog {unknown}
 y - 7 scrolls of identify {unknown}
 B - a scroll of random uselessness {unknown}
 D - a scroll of amnesia {unknown}
 H - a scroll of remove curse
 J - 2 scrolls of fear {unknown}
Potions
 e - a potion of haste {unknown}
 g - 2 potions of ambrosia {unknown}
 k - a potion of stabbing {unknown}
 p - 3 potions of curing
 s - a potion of berserk rage {unknown}
 t - 4 potions of might {unknown}
 w - a potion of lignification {unknown}
 x - 2 potions of flight {unknown}
 C - a potion of brilliance {unknown}
 K - 2 potions of magic {unknown}
 M - 2 potions of heal wounds {unknown}
 Q - 3 potions of cancellation {unknown}
Comestibles
 m - 18 rations


   Skills:
 + Level 3.3 Fighting
 + Level 5.7 Dodging
 + Level 5.6 Stealth
 + Level 12.1 Spellcasting
 * Level 9.1 Conjurations
 + Level 0.7 Hexes


You had 16 spell levels left.
You knew the following spells:

 Your Spells              Type           Power        Failure   Level  Hunger
a - Magic Dart            Conj           ####         1%          1    None
b - Iskenderun's Mystic   Conj/Tloc      #####...     1%          4    None
c - Conjure Flame         Conj/Fire      #####...     1%          3    None
d - Dazzling Flash        Conj/Hex       #####.       1%          3    None
r - Searing Ray           Conj           ######       1%          2    None
P - Fulminant Prism       Conj/Hex       #####.....   1%          4    None

Your spell library contained the following spells:

 Spells                   Type           Power        Failure   Level  Hunger
 Corona                   Hex            ###....      2%          1    None
 Animate Skeleton         Necr           N/A          3%          1    None
 Apportation              Tloc           ###...       3%          1    None
 Beastly Appendage        Tmut           ###...       3%          1    None
 Summon Small Mammal      Summ           ###.         3%          1    None
 Sticks to Snakes         Tmut           ###.....     5%          2    None
 Spider Form              Tmut/Pois      ###.......   11%         3    None
 Ice Form                 Ice/Tmut       ###.....     36%         4    None
 Blade Hands              Tmut           ###.......   71%         5    ###....


Dungeon Overview and Level Annotations

Branches:
Dungeon (9/15)             Temple (1/1) D:6
   Lair: D:8-11         Orc: D:9-12

Altars:
Cheibriados
Dithmenos
Fedhas
Gozag
Hepliaklqana
Kikubaaqudgha
Makhleb
Nemelex Xobeh
Okawaru
Qazlal
Ru
Sif Muna
Trog
Uskayaw
Vehumet
Wu Jian
Xom
Yredelemnul
Zin
The Shining One


Innate Abilities, Weirdness & Mutations

You can breathe bolts of dispelling energy.
Your rich purple scales are hard. (AC +7)
You cannot fit into any form of body armour.
You are cold-blooded and may be slowed by cold attacks.


Message History

The vampire mosquito bites you!
* * * LOW HITPOINT WARNING * * *
The vampire mosquito draws strength from your injuries!
The killer bee misses you.
Casting: Dazzling Flash (safe; 1% risk of failure)
Confirm with . or Enter, or press ? or * to list all spells.
The killer bee is dazzled.
You feel sick.
The vampire mosquito bites you but does no damage.
The killer bee stings you.
* * * LOW HITPOINT WARNING * * *
The vampire mosquito barely misses you. The killer bee barely misses you.
You miss the vampire mosquito.
The vampire mosquito is heavily damaged.
You miss the killer bee. The killer bee stings you.
* * * LOW HITPOINT WARNING * * *
You are lethally poisoned!
The killer bee poisons you!
You block the vampire mosquito's attack.
The vampire mosquito bites you.
You die...

##...y.# #......# #......##y
#....<†..# ##...h5.##
#|........ #.........
#####.........
####...###....... #...
###y......<...<.... #...
##.@y.†.†........... #...
####..###.......... #...#+
####.....#⌠#.......)..
.....###........###.....#....
.......................#.....
..8..................#.......
............#................
.....###....#............#..
#...#'.##.............
#...#...#.....###.###
#...##.<#....##


You could see a vampire mosquito and a killer bee (blind).

Vanquished Creatures
  A death knight (D:6)
  Pikel (D:4)
  A queen bee (D:9)
  A hippogriff (D:7)
  A shadow (D:7)
  A hungry ghost (D:7)
  5 orc warriors
  7 ogres
  5 centaurs
  A big kobold (D:7)
  10 bullfrogs
  A water moccasin zombie (D:5)
  A wyvern skeleton (D:6)
  2 scorpions (D:8)
  14 killer bees
  2 howler monkeys
  8 wights
  A quasit (D:7)
  A centaur zombie (D:7)
  3 centaur skeletons
  5 hounds
  2 bullfrog skeletons
  3 orc priests
  An iguana (D:4)
  11 orc wizards
  9 worker ants
  A killer bee zombie (D:6)
  A hound zombie (D:7)
  A hound skeleton (D:4)
  A worker ant zombie (D:7)
  7 gnolls
  11 adders
  A shadow imp (D:8)
  3 white imps
  2 oozes (D:4)
  An adder skeleton (D:7)
  An adder zombie (D:8)
  4 worms
  A dart slug (D:1)
  5 leopard geckos
  29 orcs
  5 giant cockroaches
  12 goblins
  10 hobgoblins
  7 jackals
  4 quokkas
  3 ball pythons
  5 bats
  7 frilled lizards
  A jackal skeleton (D:4)
  7 kobolds
  A leopard gecko zombie (D:5)
  10 rats
239 creatures vanquished.

Vanquished Creatures (others)
  3 fulminant prisms
3 creatures vanquished.

Grand Total: 242 creatures vanquished

Notes
Turn   | Place    | Note
-------+----------+-------------------------------------------
     0 | D:1      | bli the Draconian Conjurer began the quest for the Orb.
     0 | D:1      | Reached XP level 1. HP: 14/14 MP: 3/3
   171 | D:1      | Reached XP level 2. HP: 20/20 MP: 0/5
   626 | D:1      | Reached skill level 3 in Spellcasting
   749 | D:1      | Reached XP level 3. HP: 27/27 MP: 4/7
   753 | D:1      | Learned a level 2 spell: Searing Ray
  1134 | D:2      | Reached skill level 1 in Fighting
  1507 | D:2      | Found a shimmering altar of Xom.
  1662 | D:2      | Reached XP level 4. HP: 35/35 MP: 6/8
  2419 | D:3      | Reached XP level 5. HP: 40/40 MP: 5/10
  2836 | D:4      | Reached skill level 4 in Spellcasting
  2995 | D:4      | Reached skill level 5 in Conjurations
  3120 | D:4      | Noticed Pikel
  3120 | D:4      | Noticed a lemure
  3120 | D:4      | Noticed a lemure
  3120 | D:4      | Noticed a lemure
  3124 | D:4      | Noticed a lemure
  3131 | D:4      | Killed Pikel
  3131 | D:4      | Reached skill level 5 in Spellcasting
  3131 | D:4      | Reached XP level 6. HP: 24/47 MP: 7/14
  3131 | D:4      | Your scales start taking on a rich purple colour.
  3131 | D:4      | Reached skill level 6 in Spellcasting
  3131 | D:4      | Reached XP level 7. HP: 27/52 MP: 8/17
  3331 | D:4      | Found a radiant altar of Vehumet.
  3332 | D:4      | Found an ornate altar of the Wu Jian Council.
  3336 | D:4      | Became a worshipper of Vehumet
  3384 | D:4      | Reached skill level 7 in Spellcasting
  3398 | D:4      | Learned a level 3 spell: Dazzling Flash
  3987 | D:5      | Entered Level 5 of the Dungeon
  4306 | D:5      | Reached XP level 8. HP: 59/59 MP: 14/19
  4323 | D:5      | Reached skill level 8 in Spellcasting
  4720 | D:5      | HP: 2/60 [orc/+0 club (2)]
  5373 | D:5      | Learned a level 4 spell: Iskenderun's Mystic Blast
  5396 | D:5      | Noticed a moth of wrath
  5399 | D:5      | Found a bloodstained altar of Trog.
  5579 | D:5      | Learned a level 4 spell: Fulminant Prism
  5653 | D:6      | Reached * piety under Vehumet
  5653 | D:6      | Offered knowledge of Shock by Vehumet.
  5654 | D:6      | Reached skill level 9 in Spellcasting
  5738 | D:6      | Reached XP level 9. HP: 67/67 MP: 10/22
  5888 | D:6      | Found a staircase to the Ecumenical Temple.
  5897 | Temple   | Entered the Ecumenical Temple
  6451 | D:6      | Reached skill level 10 in Spellcasting
  6673 | D:6      | Found a hazy altar of Hepliaklqana.
  6679 | D:6      | Found a basalt altar of Yredelemnul.
  6684 | D:6      | Found a stormy altar of Qazlal.
  7025 | D:6      | Offered knowledge of Freeze by Vehumet.
  7096 | D:7      | Reached ** piety under Vehumet
  7109 | D:7      | Noticed a death knight
  7185 | D:6      | Killed a death knight
  7185 | D:6      | Reached skill level 5 in Stealth
  7478 | D:7      | Reached skill level 11 in Spellcasting
  7486 | D:7      | Reached XP level 10. HP: 74/75 MP: 10/25
  8174 | D:7      | Found a bloodstained altar of Trog.
  8426 | D:7      | Reached skill level 5 in Dodging
  8505 | D:8      | Offered knowledge of Conjure Flame by Vehumet.
  8510 | D:8      | Learned a level 3 spell: Conjure Flame
  8579 | D:8      | Reached *** piety under Vehumet
  8727 | D:8      | Reached skill level 12 in Spellcasting
  9314 | D:9      | HP: 2/77 [killer bee (2)]
  9314 | D:9      | Slain by a vampire mosquito

Illustrated notes

Levels and vault maps discovered:
D:1:      minmay_arrival_up_and_down, layout_loops_ring, minivault_19
D:2:      layout_loops_cross, marbit_many_paths, first_ration
D:3:      layout_basic, dk_noncrumbling_3
D:4:      layout_basic, grunt_temple_overflow_open, st_stairs_13, uniq_pikel
D:5:      layout_loops_corners, tgw_trog, minmay_misc_feat_chi
D:6:      layout_basic, minmay_overflow_temple_star_quad,
          minmay_temple_entry_waves, st_stairs_11, minmay_starry_boxes
D:7:      cheibrodos_fzero, layout_basic, trog_hazing_becter
D:8:      layout_rooms
D:9:      minmay_the_grid_octo_2x2 [minmay_the_grid_octo_teeth,
          minmay_the_grid_octo_clover, minmay_the_grid_octo_fat_diamond,
          minmay_the_grid_octo_prize_big_c], layout_cross, lemuel_doored_altar,
          kennysheep_mini, david_nohive_1, grunt_ministairs_6, feat_on_display
Temple:   cyrus_circular_temple

Skill      XL: |  1  2  3  4  5  6  7  8  9 10 |
---------------+-------------------------------+-----
Dodging        | 2 3 4 5 |  5.7
Spellcasting   | 3 5 6 7 9 11 12 | 12.1
Fighting       | 1 2 3 |  3.3
Stealth        | 2 3 4 5 |  5.6
Conjurations   | 5 6 7 8 9 |  9.1
Hexes          | |  0.7

Action                   |  1- 3 |  4- 6 |  7- 9 | 10-12 || total
-------------------------+-------+-------+-------+-------++-------
Melee: Unarmed           |    18 |       |       |       ||    18
       Spear             |     8 |       |       |       ||     8
       Tailslap          |     4 |     3 |     8 |     5 ||    20
       Long sword        |    11 |     4 |       |       ||    15
       Dagger            |       |     9 |    47 |       ||    56
       Flail             |       |       |    21 |    16 ||    37
       War axe           |       |       |       |    36 ||    36
Throw: Dart              |       |       |     2 |       ||     2
 Cast: Magic Dart        |    60 |    64 |   137 |   123 ||   384
       Searing Ray       |       |     5 |    34 |    27 ||    66
       Dazzling Flash    |       |       |     5 |     4 ||     9
       Fulminant Prism   |       |       |     1 |     2 ||     3
 Abil: Breathe Dispellin |       |       |     1 |       ||     1
Evoke: Wand              |       |       |     1 |       ||     1
  Use: Scroll            |       |     1 |     2 |       ||     3
       Potion            |       |       |     2 |       ||     2
 Stab: Sleeping          |     1 |       |     1 |       ||     2
       Paralysed         |       |       |     8 |       ||     8
       Invisible         |       |       |       |     1 ||     1
  Eat: Chunk             |     2 |     5 |    13 |     5 ||    25
Armor: Skin              |    10 |     6 |    18 |    27 ||    61
Dodge: Dodged            |    21 |    12 |    68 |    94 ||   195
Block: Other             |       |       |     8 |    19 ||    27
       Reflection        |       |       |       |     1 ||     1
       Rpst.: Long sword |     2 |     1 |       |       ||     3

Table legend:
 A = Non-vault XP
 B = Vault XP
 C = Vault XP percentage of total XP
 D = Non-vault monster count
 E = Vault monster count
 F = Vault count percentage of total count
                 A         B        C        D         E       F
            +---------+---------+-------+---------+---------+-------
      Total |    5402 |    3907 |  42.0 |     196 |      43 |  18.0
            +---------+---------+-------+---------+---------+-------
        D:1 |      50 |       0 |   0.0 |      22 |       0 |   0.0
        D:2 |      65 |       2 |   3.0 |      24 |       1 |   4.0
        D:3 |      99 |       0 |   0.0 |      22 |       0 |   0.0
        D:4 |     453 |     720 |  61.4 |      21 |       3 |  12.5
        D:5 |     786 |      16 |   2.0 |      16 |       5 |  23.8
        D:6 |    1333 |    1193 |  47.2 |      37 |       6 |  14.0
        D:7 |    1424 |    1068 |  42.9 |      29 |      17 |  37.0
        D:8 |    1095 |      63 |   5.4 |      24 |       1 |   4.0
        D:9 |      97 |     845 |  89.7 |       1 |      10 |  90.9
            +---------+---------+-------+---------+---------+-------
